 Dungeon Crawl Stone Soup version 0.31-a0-986-g5e6e4ef867 (webtiles) character file.

Game seed: 748071088116334331

54 hikkokomori the Ogre Mage (level 3, -1/35 HPs)
             Began as an Ogre Venom Mage on Nov 20, 2023.
             Slain by a hobgoblin (2 damage)
             ... on level 2 of the Dungeon.
             The game lasted 00:03:08 (1480 turns).

hikkokomori the Ogre Mage (Ogre Venom Mage)         Turns: 1480, Time: 00:03:08

Health: -1/35      AC:  3    Str: 14    XL:     3   Next: 91%
Magic:  4/7        EV:  9    Int: 16    God:
Gold:   96         SH:  0    Dex:  9    Spells: 7/8 levels left

rFire   . . .        d - +1 club
rCold   + . .        (no shield)
rNeg    . . .        a - +0 robe
rPois   .            (helmet restricted)
rElec   .            (no cloak)
rCorr   .            (gloves unavailable)
SInv    .            (boots unavailable)
Will    +....        (no amulet)
Stlth   ++           (no ring)
HPRegen 0.25/turn    (no ring)
MPRegen 0.10/turn

%: no passive effects
@: enlightened, flying
A: large, unfitting armour, tough skin 1, cold resistance 1
a: no special abilities


You were on level 2 of the Dungeon.
You visited 1 branch of the dungeon, and saw 2 of its levels.

You collected 96 gold pieces.

Inventory:

Hand Weapons
 d - a +1 club (weapon)
Armour
 a - a +0 robe (worn)
Potions
 b - 2 potions of magic


   Skills:
 + Level 1.8 Fighting
 - Level 1.7 Dodging
 + Level 2.0 Stealth
 + Level 3.2 Spellcasting
 - Level 0.8 Transmutations
 + Level 3.1 Poison Magic


You had 7 spell levels left.
You knew the following spells:

 Your Spells              Type           Power      Damage    Failure   Level
a - Sting                 Tmut/Pois      32%        1d4       9%          1

Your spell library contained the following spells:

 Spells                   Type           Power      Damage    Failure   Level
 Poisonous Vapours        Pois/Air       14%        N/A       14%         2
 Mephitic Cloud           Conj/Pois/Air  5%         N/A       34%         3
 Olgreb's Toxic Radiance  Pois           12%        N/A       45%         4


Dungeon Overview and Level Annotations

Branches:
Dungeon (2/15)

Altars:


Innate Abilities, Weirdness & Mutations

You are too large for most types of armour.
You have tough skin. (AC +1)
Your flesh is cold resistant. (rC+)


Message History

The hobgoblin hits you but does no damage.
The goblin closely misses you.
You hit the hobgoblin but do no damage.
The hobgoblin is heavily wounded.
The hobgoblin hits you but does no damage.
The goblin completely misses you.
You barely miss the hobgoblin.
The hobgoblin is heavily wounded.
The hobgoblin hits you. The goblin hits you with a +0 club.
* * * LOW HITPOINT WARNING * * *
The hobgoblin hits you.
* * * LOW HITPOINT WARNING * * *
You hit the hobgoblin but do no damage.
The hobgoblin is heavily wounded.
The goblin misses you.
The hobgoblin hits you but does no damage.
The goblin barely misses you.
Unknown command.
The hobgoblin hits you.
* * * LOW HITPOINT WARNING * * *
The goblin hits you with a +0 club.
* * * LOW HITPOINT WARNING * * *
It was a potion of cancellation.
You feel magically purged. The hobgoblin barely misses you.
The goblin completely misses you.
It was a potion of curing.
You feel better. The hobgoblin barely misses you.
The goblin hits you with a +0 club.
* * * LOW HITPOINT WARNING * * *
As you read the scroll labelled SOORHA YBLERAMUE, it crumbles to dust.
It is a scroll of enchant weapon.
Your +0 club glows red for a moment.
The hobgoblin hits you.
* * * LOW HITPOINT WARNING * * *
The goblin misses you.
It was a potion of mutation.
You feel extremely strange.
You feel resistant to cold. The hobgoblin closely misses you.
The goblin hits you with a +0 club.
* * * LOW HITPOINT WARNING * * *
It was a potion of enlightenment.
You feel very buoyant.
You fly up into the air.
The hobgoblin hits you.
You die...

............
#.<.....# ..........
##.....## #.........
#.....).# ..$.....
#....>..# #..#
..###.......#####
#.###..###......#....
#KgJ##.###....#.#.###
###g##..##.####...#
#g@.#.##.## #..##
###......)# #...# #
###.##...##.#.# #
#....#....#.###
###..##..##.##.
##...#.........
#####......######..
...........# ###.#
#..........# .....#


You could see an endoplasm, 2 hobgoblins, a goblin and a kobold.

Vanquished Creatures
  10 ball pythons
  4 endoplasms (D:1)
  2 giant cockroaches (D:1)
  3 goblins (D:1)
  5 hobgoblins (D:1)
  5 jackals
  4 kobolds (D:1)
  5 quokkas
  A bat (D:1)
  3 frilled lizards (D:1)
  4 rats
46 creatures vanquished.

Notes
Turn   | Place    | Note
-------+----------+-------------------------------------------
     0 | D:1      | hikkokomori the Ogre Venom Mage began the quest for the
                  | Orb.
     0 | D:1      | Reached XP level 1. HP: 16/16 MP: 3/3
   120 | D:1      | Reached XP level 2. HP: 8/26 MP: 0/5
   235 | D:1      | Reached skill level 1 in Fighting
   578 | D:1      | Reached XP level 3. HP: 33/33 MP: 5/7
   614 | D:1      | HP: 1/33 [endoplasm (3)]
   757 | D:1      | Found a faded altar of an unknown god.
  1475 | D:2      | HP: 1/35 [goblin/+0 club (4)]
  1479 | D:2      | Gained mutation: Your flesh is cold resistant. (rC+)
                  | [potion of mutation]
  1480 | D:2      | Slain by a hobgoblin

Illustrated notes

Levels and vault maps discovered:
D:1:      eino_arrival_druids_welcome, layout_basic,
          shapermc_ecumenical_altar_venn, corexii_leaking_fountain,
          minmay_ruptured
D:2:      layout_rooms

Skill      XL: |  1  2  3 |
---------------+----------+-----
Fighting       | 1 |  1.8
Poison Magic   | 3 |  3.1
Spellcasting   | 3 |  3.2
Stealth        | 2 |  2.0
Dodging        | |  1.7
Transmutations | |  0.8

Action                     || total
---------------------------++-------
  Melee: Unarmed           ||    59
         Punch             ||     3
         Club              ||    76
   Cast: Sting             ||    53
    Use: Potion            ||     4
         Scroll            ||     1
 Armour: Robe              ||   152
  Dodge: Dodged            ||   114

Table legend: (Time is in decaauts)
 A = Elapsed time spent in this place.
 B = Non-inter-level travel time spent in this place.
 C = Inter-level travel time spent in this place.
 D = Time resting spent in this place.
 E = Time spent auto-exploring this place.
 F = Levels seen in this place.
 G = Mean time per level.
                   A        B        C        D        E       F      G
               +--------+--------+--------+--------+--------+-----+--------+
         Total |   1502 |   1488 |     14 |    110 |    995 |   2 |  751.0 |
       Dungeon |   1502 |   1488 |     14 |    110 |    995 |   2 |  751.0 |
               +--------+--------+--------+--------+--------+-----+--------+

Top non-repeatable levels by time:
     D:1: 1299 daAuts
     D:2: 202 daAuts
